 Dungeon Crawl Stone Soup version 0.29-a0-559-g359e09b9d1 (webtiles) character file.

Game seed: 842525803507627228

80 avis the Shooter (level 3, -6/29 HPs)
             Began as a Demigod Hunter on June 10, 2022.
             Mangled by Ijyb
             ... wielding a +4 dagger of venom
              (9 damage)
             ... while paralysed by Ijyb
             ... on level 3 of the Dungeon.
             The game lasted 00:11:18 (1664 turns).

avis the Shooter (Demigod Hunter)                   Turns: 1664, Time: 00:11:18

Health: -6/29      AC:  3    Str: 12    XL:     3   Next: 98%
Magic:  5/5        EV:  2    Int: 11    God:
Gold:   62         SH:  0    Dex: 21    Spells: 2/2 levels left

rFire   . . .      SeeInvis .   b - +1 shortbow
rCold   . . .      Faith    .   (shield currently unavailable)
rNeg    . . .      Spirit   .   n - +0 leather armour {rPois}
rPois   +          Reflect  .   (no helmet)
rElec   .          Harm     .   (no cloak)
rCorr   .          Rampage  .   (no gloves)
Will    .....                   (no boots)
Stlth   ++........              (no amulet)
HPRegen 0.09/turn               (no ring)
MPRegen 0.09/turn               (no ring)

@: paralysed, invisible
A: high MP 1, forlorn, divine attributes
a: no special abilities


You were on level 3 of the Dungeon.
You visited 1 branch of the dungeon, and saw 3 of its levels.

You collected 122 gold pieces.
You spent 60 gold pieces at shops.

Inventory:

Hand Weapons
 a - a +0 whip
 b - a +1 shortbow (weapon)
Missiles
 f - 6 boomerangs
Armour
 n - a +0 leather armour of poison resistance (worn)
Scrolls
 c - a scroll of immolation
 g - a scroll of enchant armour {unknown}
 j - 4 scrolls of identify {unknown}
 k - a scroll of fog {unknown}
Potions
 d - 2 potions of cancellation {unknown}
 e - a potion of lignification {unknown}
 i - 2 potions of flight {unknown}
 l - 2 potions of invisibility
 m - 2 potions of curing {unknown}


   Skills:
 - Level 2.0 Fighting
 * Level 5.1 Bows
 - Level 1.7 Dodging
 - Level 0.8 Stealth


You had 2 spell levels left.
You didn't know any spells.
Your spell library was empty.

Dungeon Overview and Level Annotations

Branches:
Dungeon (3/15)

Shops:
D:2 [:([:

Annotations:
D:3 Ijyb


Innate Abilities, Weirdness & Mutations

You have an increased reservoir of magic. (+10% MP)
You shall have no god before yourself.
Your divine heritage dramatically boosts your attributes as you level up.


Message History

Ijyb hits you with a +4 dagger of venom!
Shoot: b) +1 shortbow
Press: ? - help, Q - select action, (/) - cycle Shift-Dir - straight line, f/p - Ijyb
Aim: Ijyb, wielding a +4 dagger of venom, wearing a +0 leather armour and carrying a wand of paralysis (7) (lightly wounded, 60% to hit)
You shoot an arrow. The arrow hits Ijyb.
Ijyb is lightly wounded.
Ijyb screams, "Die!"
Ijyb hits you with a +4 dagger of venom.
Ijyb zaps a wand.
You resist with some effort.
Shoot: b) +1 shortbow
Press: ? - help, Q - select action, (/) - cycle Shift-Dir - straight line, f/p - Ijyb
Aim: Ijyb, wielding a +4 dagger of venom, wearing a +0 leather armour and carrying a wand of paralysis (6) (lightly wounded, 60% to hit)
You shoot an arrow. The arrow hits Ijyb!
Ijyb is heavily wounded.
Ijyb hits you with a +4 dagger of venom!
* * * LOW HITPOINT WARNING * * *
Shoot: b) +1 shortbow
Press: ? - help, Q - select action, (/) - cycle Shift-Dir - straight line, f/p - Ijyb
Aim: Ijyb, wielding a +4 dagger of venom, wearing a +0 leather armour and carrying a wand of paralysis (6) (heavily wounded, 60% to hit)
You shoot an arrow. The arrow hits Ijyb.
Ijyb is severely wounded.
Ijyb hits you with a +4 dagger of venom.
* * * LOW HITPOINT WARNING * * *
It was a potion of invisibility.
You fade into invisibility!
Ijyb barely misses you.
Shoot: b) +1 shortbow
Press: ? - help, Q - select action, (/) - cycle Shift-Dir - straight line, f/p - Ijyb
Aim: Ijyb, wielding a +4 dagger of venom, wearing a +0 leather armour and carrying a wand of paralysis (6) (severely wounded, can't see you, 60% to hit)
You shoot an arrow. The arrow hits Ijyb.
Ijyb is severely wounded.
Ijyb hits you but does no damage.
Shoot: b) +1 shortbow
Press: ? - help, Q - select action, (/) - cycle Shift-Dir - straight line, f/p - Ijyb
Aim: Ijyb, wielding a +4 dagger of venom, wearing a +0 leather armour and carrying a wand of paralysis (6) (severely wounded, can't see you, 60% to hit)
You shoot an arrow. The arrow closely misses Ijyb.
Ijyb zaps a wand.
You suddenly lose the ability to move!
Ijyb barely misses you.
Ijyb hits you with a +4 dagger of venom!
You die...

## #. . ##.# ##.
###...####..
......(....#
#.......#.#
.##...#....###.#
......#.##@....#
....).))†g..#.....
..)))8#.###.....#.
..... #.# #..#.#
.... #.. .... .g.
#.## ###.. g. #†#
#.# g #.. .. #..


You could see Ijyb (can't see you).

Vanquished Creatures
  3 adders
  2 dart slugs
  A ball python (D:2)
  5 endoplasms (D:2)
  A giant cockroach (D:2)
  10 goblins
  5 hobgoblins
  4 quokkas
  4 bats
  A frilled lizard (D:2)
  4 kobolds
  5 rats
45 creatures vanquished.

Vanquished Creatures (others)
  A plant (D:1)
1 creature vanquished.

Grand Total: 46 creatures vanquished

Notes
Turn   | Place    | Note
-------+----------+-------------------------------------------
     0 | D:1      | avis the Demigod Hunter began the quest for the Orb.
     0 | D:1      | Reached XP level 1. HP: 17/17 MP: 3/3
   217 | D:1      | Reached skill level 4 in Bows
   286 | D:1      | Reached XP level 2. HP: 24/24 MP: 4/4
   785 | D:2      | Found Cewneb's Book Shop.
   923 | D:2      | Found Wyvekk's Weapon Emporium.
   999 | D:2      | Found Huenoh's Armour Shop.
  1014 | D:2      | Reached XP level 3. HP: 26/29 MP: 5/5
  1157 | D:2      | Found Riwomo's Armour Emporium.
  1175 | D:2      | Bought a +0 leather armour of poison resistance for 60 gold
                  | pieces
  1340 | D:2      | Reached skill level 5 in Bows
  1382 | D:2      | Found Caota's Book Emporium.
  1637 | D:3      | Noticed Ijyb
  1661 | D:3      | Paralysed by Ijyb for 4 turns
  1664 | D:3      | Mangled by Ijyb

Illustrated notes

Levels and vault maps discovered:
D:1:      denvon_arrival_planthouse, layout_basic,
          nicolae_ecumenical_lake_church, nrook_mini_backslash
D:2:      layout_basic, basic_altar, serial_shops, nicolae_shop_waterfront,
          nicolae_square_shop, nicolae_shop_bloodbath_and_beyond, shop,
          nicolae_shop_hallway_plus
D:3:      kennysheep_the_goblin_king, layout_loops_corners,
          minmay_fractal_squares_5

Skill      XL: |  1  2  3 |
---------------+----------+-----
Bows           | 4 5 |  5.1
Fighting       | 2 |  2.0
Dodging        | |  1.7
Stealth        | |  0.8

Action                   || total
-------------------------++-------
Melee: Unarmed           ||     5
       Punch             ||     1
 Fire: Shortbow          ||   119
  Use: Potion            ||     1
Armor: Leather armour    ||     4
       Ring mail         ||     9
Dodge: Dodged            ||    26

Table legend: (Time is in decaauts)
 A = Elapsed time spent in this place.
 B = Non-inter-level travel time spent in this place.
 C = Inter-level travel time spent in this place.
 D = Time resting spent in this place.
 E = Time spent auto-exploring this place.
 F = Levels seen in this place.
 G = Mean time per level.
                   A        B        C        D        E       F      G
               +--------+--------+--------+--------+--------+-----+--------+
         Total |   1705 |   1533 |    172 |    215 |    862 |   3 |  568.3 |
       Dungeon |   1705 |   1533 |    172 |    215 |    862 |   3 |  568.3 |
               +--------+--------+--------+--------+--------+-----+--------+

Top non-repeatable levels by time:
     D:2: 877 daAuts
     D:1: 744 daAuts
     D:3: 83 daAuts
